MID
SOUTH BEND CUBS @ HARTFORD YARD GOATS
05/11/2044
 
TOP OF THE 1ST
South Bend Cubs batting - Pitching for Hartford Yard Goats : RHP Joe Goodale
Pitching: RHP Joe Goodale
Batting: RHB Jason Ostrom 0-0: Ball
1-0: Foul Ball, location: 2F
1-1: Foul Ball, location: 2F
1-2: Strikes out looking
Batting: LHB Andy Bordeaux 0-0: Ball
1-0: Ball
2-0: DOUBLE (Groundball, 5L, EV 103.1 MPH)
Batting: RHB Mike Savage 0-0: Called Strike
Andy Bordeaux steals 3rd base
0-1: Foul Ball, location: 2F
0-2: Ball
1-2: Strikes out swinging
Batting: LHB Mike DiNardo 0-0: Ground out U3 (Groundball, 34, EV 96.3 MPH)
Top of the 1st over - 0 runs, 1 hit, 0 errors, 1 left on base; South Bend 0 - Hartford 0
BOTTOM OF THE 1ST
Hartford Yard Goats batting - Pitching for South Bend Cubs : LHP Jose Carrillo
Pitching: LHP Jose Carrillo
Batting: SHB Eddie Quinones 0-0: Ball
1-0: Called Strike
1-1: Ball
2-1: Ball
3-1: SINGLE (Flyball, 3D, EV 90.6 MPH)
Batting: RHB Justin Williams 0-0: Ball
1-0: Called Strike
1-1: Swinging Strike
1-2: Ball
2-2: Hit by Pitch
Eddie Quinones to second
Batting: SHB Jon Munoz 0-0: 3-RUN HOME RUN (Flyball, 7D, EV 98.1 MPH), Distance : 378 ft
Batting: RHB Kian-tat Chen 0-0: Ball
1-0: Ball
2-0: Ball
3-0: Base on Balls
Batting: LHB Jeremy Brammer 0-0: Ball
1-0: Called Strike
Kian-tat Chen steals 2nd base
1-1: Foul Ball, location: 2F
1-2: Ball
2-2: Ball
3-2: SINGLE (Groundball, 4MD, EV 101.3 MPH)
Kian-tat Chen to third
Pitching: RHP Devin Ward
Batting: SHB Chris Besselman 0-0: Ball
Jeremy Brammer is caught stealing 2nd base 2-6
1-0: Ball
2-0: Ball
3-0: Base on Balls
Batting: LHB Eddie Gonzalez 0-0: SINGLE (Line Drive, 7S, EV 103.1 MPH)
Kian-tat Chen scores
Chris Besselman to second
Batting: SHB Pete Perla 0-0: Swinging Strike
0-1: Foul Ball, location: 2F
0-2: Strikes out looking
Batting: LHB Mick Knopp 0-0: Ball
1-0: Swinging Strike
1-1: Ball
2-1: Swinging Strike
2-2: Ground out U3 (Groundball, 34S, EV 79.4 MPH)
Bottom of the 1st over - 4 runs, 4 hits, 0 errors, 2 left on base; South Bend 0 - Hartford 4
TOP OF THE 2ND
South Bend Cubs batting - Pitching for Hartford Yard Goats : RHP Joe Goodale
Batting: LHB Shuan-yan Wu 0-0: Ball
1-0: Ball
2-0: Called Strike
2-1: Foul Ball, location: 2F
2-2: Foul Ball, location: 2F
2-2: Fly out, F8 (Flyball, 8LM, EV 93.1 MPH)
Batting: SHB Benoît Morin 0-0: SINGLE (Line Drive, 56D, EV 96.9 MPH)
Batting: LHB Jim Polson 0-0: Called Strike
Benoît Morin steals 2nd base (no throw)
0-1: Ground out 4-3 (Groundball, 4, EV 96.3 MPH)
Benoît Morin to third
Batting: RHB Omar Novoa 0-0: Called Strike
0-1: Ball
1-1: Ground out 5-3 (Groundball, 56S, EV 71.9 MPH)
Top of the 2nd over - 0 runs, 1 hit, 0 errors, 1 left on base; South Bend 0 - Hartford 4
BOTTOM OF THE 2ND
Hartford Yard Goats batting - Pitching for South Bend Cubs : RHP Devin Ward
Batting: SHB Eddie Quinones 0-0: Ball
1-0: Fly out, F4 (Flyball, 34D, EV 86.3 MPH)
Batting: RHB Justin Williams 0-0: Ball
1-0: SINGLE (Groundball, 56, EV 86.3 MPH) (infield hit)
Batting: SHB Jon Munoz 0-0: Called Strike
0-1: Called Strike
Passed Ball!
Justin Williams to second
0-2: Ball
1-2: Foul Ball, location: 2F
1-2: DOUBLE (Flyball, 78D, EV 95.0 MPH)
Justin Williams scores
Pitching: LHP Nate George
Batting: RHB Kian-tat Chen 0-0: Ball
1-0: Ball
2-0: Ball
3-0: Called Strike
3-1: Fly out, F3 (Popup, 3L, EV 79.4 MPH)
Batting: LHB Jeremy Brammer 0-0: Ball
1-0: Ball
2-0: Foul Ball, location: 2F
2-1: Ball
3-1: SINGLE (Groundball, 3D, EV 111.3 MPH)
Jon Munoz to third
Runner from 3rd tries for Home, SAFE, throw by RF to home
Jeremy Brammer to second
Batting: SHB Chris Besselman 0-0: 2-RUN HOME RUN (Flyball, 7LD, EV 93.8 MPH), Distance : 352 ft
Batting: LHB Eddie Gonzalez 0-0: Ball
1-0: Ball
2-0: Ground out 5-3 (Groundball, 56, EV 99.4 MPH)
Bottom of the 2nd over - 4 runs, 4 hits, 0 errors, 0 left on base; South Bend 0 - Hartford 8
TOP OF THE 3RD
South Bend Cubs batting - Pitching for Hartford Yard Goats : RHP Joe Goodale
Batting: SHB Alvaro Andrade 0-0: Foul Ball, location: 2F
0-1: Swinging Strike
0-2: Strikes out swinging
Batting: RHB Jason Ostrom 0-0: Ball
1-0: Ball
2-0: Ball
3-0: Called Strike
3-1: TRIPLE (Line Drive, 9LD, EV 108.1 MPH)
Batting: LHB Andy Bordeaux 0-0: Ball
1-0: Foul Ball, location: 2F
1-1: Called Strike
1-2: Ball
Passed Ball!
Jason Ostrom scores
2-2: Ground out U3 (Groundball, 3, EV 80.0 MPH)
Batting: RHB Mike Savage 0-0: SOLO HOME RUN (Flyball, 7D, EV 99.4 MPH), Distance : 380 ft
Batting: LHB Mike DiNardo 0-0: Ball
1-0: Fly out, F5 (Popup, 56S, EV 83.1 MPH)
Top of the 3rd over - 2 runs, 2 hits, 0 errors, 0 left on base; South Bend 2 - Hartford 8
BOTTOM OF THE 3RD
Hartford Yard Goats batting - Pitching for South Bend Cubs : LHP Nate George
Batting: SHB Pete Perla 0-0: SINGLE (Groundball, 6D, EV 98.1 MPH)
Batting: LHB Mick Knopp 0-0: Ball
1-0: Called Strike
1-1: Ball
2-1: Foul Ball, location: 2F
2-2: Foul Ball, location: 2F
2-2: Ball
3-2: Foul Ball, location: 2F
3-2: Foul Ball, location: 2F
3-2: Foul Ball, location: 2F
3-2: Base on Balls
Pete Perla to second
Pitching: RHP Josh Deyo
Batting: SHB Eddie Quinones 0-0: Foul Ball, location: 2F
0-1: Fielders Choice at 2nd, 3-6 (Groundball, 34S, EV 90.6 MPH)
Pete Perla to third
Batting: RHB Justin Williams 0-0: Ball
Eddie Quinones steals 2nd base
1-0: Ball
2-0: Called Strike
2-1: Foul Ball, location: 2F
2-2: Ball
3-2: Foul Ball, location: 2F
3-2: Foul Ball, location: 2F
3-2: Foul Ball, location: 2F
3-2: Foul Ball, location: 2F
3-2: Base on Balls
Batting: SHB Jon Munoz 0-0: Ball
1-0: Called Strike
1-1: Ball
2-1: Ball
3-1: Base on Balls
Pete Perla scores
Eddie Quinones to third
Justin Williams to second
Batting: RHB Kian-tat Chen 0-0: Ball
1-0: Ball
2-0: Swinging Strike
2-1: Ball
3-1: Fly out, F8 (Flyball, 8RXD, EV 81.9 MPH)
Runner from 3rd tags up, SCORES, no throw by CF
Justin Williams to third
Pitching: RHP Jason Scott
Batting: LHB Jeremy Brammer 0-0: Called Strike
0-1: Ball
1-1: Ball
2-1: Swinging Strike
2-2: Ball
3-2: Base on Balls
Jon Munoz to second
Batting: SHB Chris Besselman 0-0: Ball
1-0: SINGLE (Line Drive, 9LS, EV 113.1 MPH)
Justin Williams scores
Jon Munoz to third
Jeremy Brammer to second
Runner from 3rd tries for Home, throw by RF and OUT! 9-2
Bottom of the 3rd over - 3 runs, 2 hits, 0 errors, 2 left on base; South Bend 2 - Hartford 11
TOP OF THE 4TH
South Bend Cubs batting - Pitching for Hartford Yard Goats : RHP Joe Goodale
Batting: LHB Shuan-yan Wu 0-0: Called Strike
0-1: Swinging Strike
0-2: Ball
1-2: Ball
2-2: Foul Ball, location: 2F
2-2: Strikes out looking
Batting: SHB Benoît Morin 0-0: Ball
1-0: Ball
2-0: Fly out, F8 (Line Drive, 8RD, EV 108.8 MPH)
Batting: LHB Jim Polson 0-0: Ball
1-0: Ball
2-0: Called Strike
2-1: Ground out 5-3 (Groundball, 5, EV 82.5 MPH)
Top of the 4th over - 0 runs, 0 hits, 0 errors, 0 left on base; South Bend 2 - Hartford 11
BOTTOM OF THE 4TH
Hartford Yard Goats batting - Pitching for South Bend Cubs : RHP Jason Scott
Batting: LHB Eddie Gonzalez 0-0: Ball
1-0: Ground out U3 (Groundball, 3, EV 102.5 MPH)
Batting: SHB Pete Perla 0-0: Ball
1-0: Ball
2-0: Ball
3-0: Called Strike
3-1: Foul Ball, location: 2F
3-2: Foul Ball, location: 2F
3-2: Foul Ball, location: 2F
3-2: Foul Ball, location: 2F
3-2: SINGLE (Line Drive, 78M, EV 107.5 MPH)
Pitching: RHP Jean-Paul Lefebvre
Batting: LHB Mick Knopp 0-0: DOUBLE (Flyball, 8LXD, EV 97.5 MPH)
Pete Perla to third
Runner from 3rd tries for Home, SAFE, no throw by CF
Batting: SHB Eddie Quinones 0-0: Ball
1-0: SINGLE (Groundball, 6S, EV 72.5 MPH) (infield hit)
Mick Knopp to third
Batting: RHB Justin Williams 0-0: Called Strike
0-1: Called Strike
0-2: Ball
1-2: Foul Ball, location: 2F
1-2: Strikes out swinging
Batting: SHB Jon Munoz 0-0: Ball
1-0: Ball
2-0: Ball
3-0: Base on Balls
Eddie Quinones to second
Batting: RHB Kian-tat Chen 0-0: Ball
1-0: Called Strike
1-1: Foul Ball, location: 2F
1-2: SINGLE (Line Drive, 7S, EV 105.6 MPH)
Mick Knopp scores
Eddie Quinones to third
Jon Munoz to second
Runner from 3rd tries for Home, throw by LF and OUT! 7-2
Bottom of the 4th over - 2 runs, 4 hits, 0 errors, 2 left on base; South Bend 2 - Hartford 13
TOP OF THE 5TH
South Bend Cubs batting - Pitching for Hartford Yard Goats : RHP Joe Goodale
Batting: RHB Omar Novoa 0-0: Ball
1-0: Called Strike
1-1: Swinging Strike
1-2: Foul Ball, location: 2F
1-2: Foul Ball, location: 2F
1-2: Foul Ball, location: 2F
1-2: Strikes out swinging
Batting: SHB Alvaro Andrade 0-0: Ground out 1-3 (Groundball, 15S, EV 53.8 MPH)
Batting: RHB Jason Ostrom 0-0: Ball
1-0: Called Strike
1-1: Foul Ball, location: 2F
1-2: Strikes out swinging
Top of the 5th over - 0 runs, 0 hits, 0 errors, 0 left on base; South Bend 2 - Hartford 13
BOTTOM OF THE 5TH
Hartford Yard Goats batting - Pitching for South Bend Cubs : RHP Jean-Paul Lefebvre
Batting: LHB Jeremy Brammer 0-0: Called Strike
0-1: SOLO HOME RUN (Flyball, 89XD, EV 104.4 MPH), Distance : 400 ft
Pitching: RHP Eric Allen
Batting: SHB Chris Besselman 0-0: Called Strike
0-1: Ball
1-1: Foul Ball, location: 2F
1-2: Ball
2-2: Fly out, F9 (Flyball, 9D, EV 86.9 MPH)
Batting: LHB Eddie Gonzalez 0-0: Foul Ball, location: 2F
0-1: Ball
1-1: Called Strike
1-2: Foul Ball, location: 2F
1-2: Foul Ball, location: 2F
1-2: Ball
2-2: Hit by Pitch
Batting: SHB Pete Perla 0-0: Foul Ball, location: 2F
0-1: Ball
1-1: Called Strike
1-2: Ball
2-2: Ball
3-2: Base on Balls
Eddie Gonzalez to second
Pitching: RHP Daniel Sullivan
Batting: LHB Mick Knopp 0-0: 3-RUN HOME RUN (Flyball, 9LD, EV 93.8 MPH), Distance : 345 ft
Batting: SHB Eddie Quinones 0-0: Ball
1-0: Swinging Strike
1-1: Ball
2-1: Ball
3-1: Called Strike
3-2: Foul Ball, location: 2F
3-2: Base on Balls
Batting: RHB Justin Williams 0-0: Called Strike
0-1: Ball
1-1: Ball
2-1: Ball
3-1: Base on Balls
Eddie Quinones to second
Batting: SHB Jon Munoz 0-0: Called Strike
0-1: Foul Ball, location: 2F
0-2: Foul Ball, location: 2F
0-2: Foul Ball, location: 2F
0-2: Ball
1-2: Strikes out swinging
Pitching: RHP John Madden
Batting: RHB Kian-tat Chen 0-0: Ball
1-0: Swinging Strike
1-1: Ball
2-1: Fly out, F8 (Line Drive, 8LD, EV 98.1 MPH)
Bottom of the 5th over - 4 runs, 2 hits, 0 errors, 2 left on base; South Bend 2 - Hartford 17
TOP OF THE 6TH
South Bend Cubs batting - Pitching for Hartford Yard Goats : RHP Joe Goodale
Batting: LHB Andy Bordeaux 0-0: Called Strike
0-1: Swinging Strike
0-2: Ground out U3 (Groundball, 3S, EV 66.3 MPH)
Batting: RHB Mike Savage 0-0: Called Strike
0-1: Ball
1-1: Foul Ball, location: 2F
1-2: Fly out, F8 (Line Drive, 8LM, EV 111.3 MPH)
Batting: LHB Mike DiNardo 0-0: Called Strike
0-1: Ball
1-1: Foul Ball, location: 2F
1-2: Ball
2-2: Ground out U3 (Groundball, 3S, EV 87.5 MPH)
Top of the 6th over - 0 runs, 0 hits, 0 errors, 0 left on base; South Bend 2 - Hartford 17
BOTTOM OF THE 6TH
Hartford Yard Goats batting - Pitching for South Bend Cubs : RHP John Madden
Batting: LHB Jeremy Brammer 0-0: Ground out 6-3 (Groundball, 6M, EV 81.3 MPH)
Batting: SHB Chris Besselman 0-0: Ball
1-0: SINGLE (Groundball, 4MD, EV 104.4 MPH)
Batting: LHB Eddie Gonzalez 0-0: Called Strike
0-1: Ball
1-1: Foul Ball, location: 2F
1-2: Foul Ball, location: 2F
1-2: 2-RUN HOME RUN (Flyball, 9D, EV 98.1 MPH), Distance : 374 ft
Batting: SHB Pete Perla 0-0: Ball
1-0: Called Strike
1-1: Ball
2-1: Ball
3-1: Base on Balls
Batting: LHB Mick Knopp 0-0: Called Strike
0-1: SINGLE (Groundball, 6MD, EV 95.6 MPH)
Pete Perla to second
Pitching: LHP Bill Tardiff
Batting: SHB Eddie Quinones 0-0: Called Strike
0-1: Called Strike
0-2: Ball
1-2: Fly out, F7 (Flyball, 7D, EV 87.5 MPH)
Runner from 2nd tags up, SAFE at 3rd, no throw by LF
Batting: RHB Justin Williams 0-0: Swinging Strike
0-1: Fly out, F9 (Flyball, 89M, EV 81.9 MPH)
Bottom of the 6th over - 2 runs, 3 hits, 0 errors, 2 left on base; South Bend 2 - Hartford 19
TOP OF THE 7TH
South Bend Cubs batting - Pitching for Hartford Yard Goats : RHP Joe Goodale
Batting: LHB Shuan-yan Wu 0-0: Called Strike
0-1: Swinging Strike
0-2: Ball
1-2: Strikes out swinging
Batting: SHB Benoît Morin 0-0: Ball
1-0: Ball
2-0: Ball
3-0: Called Strike
3-1: Swinging Strike
3-2: Foul Ball, location: 2F
3-2: Strikes out swinging
Batting: LHB Jim Polson 0-0: Ball
1-0: Ball
2-0: SOLO HOME RUN (Line Drive, 78XD, EV 101.9 MPH), Distance : 412 ft
Batting: RHB Omar Novoa 0-0: Ball
1-0: Ball
2-0: Swinging Strike
2-1: Called Strike
2-2: Strikes out swinging
Top of the 7th over - 1 run, 1 hit, 0 errors, 0 left on base; South Bend 3 - Hartford 19
BOTTOM OF THE 7TH
Hartford Yard Goats batting - Pitching for South Bend Cubs : LHP Bill Tardiff
Batting: SHB Jon Munoz 0-0: Ball
1-0: Ball
2-0: Foul Ball, location: 2F
2-1: Ball
3-1: Ground out 4-3 (Groundball, 4M, EV 104.4 MPH)
Batting: RHB Kian-tat Chen 0-0: Swinging Strike
0-1: Called Strike
0-2: Strikes out swinging
Batting: LHB Jeremy Brammer 0-0: Called Strike
0-1: Ball
1-1: Ball
2-1: SOLO HOME RUN (Flyball, 9LD, EV 91.9 MPH), Distance : 351 ft
Batting: SHB Chris Besselman 0-0: SINGLE (Groundball, 6MD, EV 103.1 MPH)
Batting: LHB Eddie Gonzalez 0-0: Ball
1-0: Ball
2-0: SINGLE (Groundball, 34S, EV 88.1 MPH) (infield hit)
Chris Besselman to second
Batting: SHB Pete Perla 0-0: Ground out 4-3 (Groundball, 4, EV 98.8 MPH)
Bottom of the 7th over - 1 run, 3 hits, 0 errors, 2 left on base; South Bend 3 - Hartford 20
TOP OF THE 8TH
South Bend Cubs batting - Pitching for Hartford Yard Goats : RHP Joe Goodale
Batting: SHB Alvaro Andrade 0-0: Called Strike
0-1: Called Strike
0-2: Strikes out swinging, 2-3 out at first.
Batting: RHB Jason Ostrom 0-0: Ball
1-0: Called Strike
1-1: Ball
2-1: Fly out, F7 (Flyball, 78D, EV 82.5 MPH)
Batting: LHB Andy Bordeaux 0-0: Swinging Strike
0-1: Ball
1-1: Foul Ball, location: 2F
1-2: Strikes out swinging
Top of the 8th over - 0 runs, 0 hits, 0 errors, 0 left on base; South Bend 3 - Hartford 20
BOTTOM OF THE 8TH
Hartford Yard Goats batting - Pitching for South Bend Cubs : LHP Bill Tardiff
Batting: LHB Mick Knopp 0-0: Foul Ball, location: 2F
0-1: Ball
1-1: Swinging Strike
1-2: Ground out 4-3 (Groundball, 4, EV 80.6 MPH)
Batting: SHB Eddie Quinones 0-0: Called Strike
0-1: Swinging Strike
0-2: SINGLE (Line Drive, 3D, EV 97.5 MPH)
Batting: RHB Justin Williams 0-0: Ball
1-0: Ball
2-0: Ball
3-0: Called Strike
3-1: Base on Balls
Eddie Quinones to second
Batting: SHB Jon Munoz 0-0: Called Strike
0-1: DOUBLE (Line Drive, 7LS, EV 108.1 MPH)
Eddie Quinones scores
Justin Williams to third
Runner from 3rd tries for Home, SAFE, no throw by LF
Batting: RHB Kian-tat Chen 0-0: Ball
1-0: Swinging Strike
1-1: Called Strike
1-2: Strikes out swinging
Batting: LHB Jeremy Brammer 0-0: Swinging Strike
0-1: Ball
1-1: Ball
2-1: Ball
3-1: Swinging Strike
3-2: Fly out, F8 (Flyball, 78M, EV 98.8 MPH)
Bottom of the 8th over - 2 runs, 2 hits, 0 errors, 1 left on base; South Bend 3 - Hartford 22
TOP OF THE 9TH
South Bend Cubs batting - Pitching for Hartford Yard Goats : RHP Joe Goodale
Pitching: LHP Greg Burngooch
Batting: RHB Mike Savage 0-0: Ball
1-0: Called Strike
1-1: Ball
2-1: Foul Ball, location: 2F
2-2: Strikes out looking
Batting: LHB Mike DiNardo 0-0: Ball
1-0: Foul Ball, location: 2F
1-1: Ball
2-1: Called Strike
2-2: Strikes out swinging
Batting: LHB Shuan-yan Wu 0-0: Foul Ball, location: 2F
0-1: Ground out 6-3 (Groundball, 56, EV 87.5 MPH)
Top of the 9th over - 0 runs, 0 hits, 0 errors, 0 left on base; South Bend 3 - Hartford 22
Thursday, March 31st , 2022 - OOTP Baseball 22.12 Build 89